 Dungeon Crawl Stone Soup version 0.19.4-10-g532645f (webtiles) character file.

53 empire the Slasher (level 3, -8/29 HPs)
             Began as a Draconian Warper on Feb 25, 2017.
             Mangled by Crazy Yiuf
             ... wielding a +4 quarterstaff of chaos
              (13 damage)
             ... on level 2 of the Dungeon.
             The game lasted 00:02:32 (1708 turns).

empire the Slasher (Draconian Warper)               Turns: 1708, Time: 00:02:33

Health: -8/29      AC:  6    Str: 13    XL:     3   Next: 64%
Magic:  6/6        EV: 12    Int: 13    God:
Gold:   89         SH:  0    Dex: 11    Spells: 0 memorised, 6 levels left

rFire  . . .     SeeInvis .     a - +0 falchion
rCold  + . .     Gourm    .     (armour unavailable)
rNeg   . . .     Faith    .     (no shield)
rPois  .         Spirit   .     (helmet restricted)
rElec  .         Reflect  .     (no cloak)
rCorr  .         Harm     .     (no gloves)
MR     .....                    q - +0 pair of boots
Stlth  +.........               (no amulet)
                                (no ring)
                                w - ring of protection from cold

@: lethally poisoned (-8 -> -37)
A: unfitting armour, cold-blooded, AC +5
a: no special abilities


You were on level 2 of the Dungeon.
You were hungry.

You visited 1 branch of the dungeon, and saw 2 of its levels.

You collected 89 gold pieces.

Inventory:

Hand Weapons
 a - a +0 falchion (weapon)
 h - a +2 dagger of speed
Missiles
 d - 5 tomahawks of dispersal (quivered)
Armour
 q - a +0 pair of boots (worn)
Jewellery
 w - a ring of protection from cold (left hand)
Scrolls
 c - a scroll of blinking
 g - a scroll of remove curse {unknown}
 k - 5 scrolls of identify {unknown}
 l - a scroll of immolation {unknown}
 m - 2 scrolls of fear {unknown}
 o - a scroll of random uselessness {unknown}
 p - a scroll of fog {unknown}
 s - a scroll of teleportation {unknown}
 u - a scroll of recharging {unknown}
Potions
 e - 2 potions of magic {unknown}
 i - a potion of curing {unknown}
 n - a potion of berserk rage {unknown}
 x - a potion of degeneration {unknown}
Books
 b - a book of Spatial Translocations

   Spells                             Type                      Level
   a - Blink                          Translocation                2
   b - Shroud of Golubria             Charms/Translocation         2
   c - Lesser Beckoning               Translocation                3
   d - Portal Projectile              Translocation                3
   e - Teleport Other                 Translocation                3
   f - Passage of Golubria            Translocation                4
Comestibles
 f - 2 bread rations
 j - 2 beef jerkies
 r - a slice of pizza
 t - a meat ration
 v - 3 fruits


   Skills:
 - Level 2.1 Fighting
 + Level 4.0 Long Blades
 - Level 0.8 Throwing
 - Level 2.1 Dodging
 - Level 2.0 Spellcasting
   Level 3.0 Translocations


You had 6 spell levels left.
You didn't know any spells.

Dungeon Overview and Level Annotations

Branches:
Dungeon (2/15)

Altars:

Annotations:
D:2 Crazy Yiuf


Innate Abilities, Weirdness & Mutations

Your plain brown scales are hard. (AC +5)
You cannot fit into any form of body armour.
You are cold-blooded and may be slowed by cold attacks.


Message History

You start resting.
You are feeling hungry.
Found a runed door.
You open the door.
Crazy Yiuf the Enlightened comes into view.
He is wielding a quarterstaff of chaos.
Found a mace.
There is an open door here.
You barely miss Crazy Yiuf.
Crazy Yiuf hits you with a quarterstaff of chaos!
You are lethally poisoned!
You closely miss Crazy Yiuf.
You feel sick.
Crazy Yiuf hits you with a quarterstaff of chaos!
* * * LOW HITPOINT WARNING * * *
You are more poisoned.
You closely miss Crazy Yiuf.
You tail-slap Crazy Yiuf, but do no damage.
* * * LOW HITPOINT WARNING * * *
You feel very sick.
Crazy Yiuf hits you with a quarterstaff of chaos!
You die...

#....# #............
#..<.# #...)........
#....# #...†........
#..).# ###..........
#....# #..........
#.(..###♣♣♣♣♣
#..........
#....#....♣.♣♣♣ ####
##########.
#..........♣..♣#...#
#.
#.........♣♣♣♣.@g..#
#. #........♣♣
♣♣#..)# ##
#....###♣♣ #### #
####### # #.....# #
#.....######### #
##........#....#
........##.....#
........##.....#
#######


You could see Crazy Yiuf.

Vanquished Creatures
  2 adders (D:2)
  3 dart slugs
  A leopard gecko (D:2)
  A giant cockroach (D:1)
  8 goblins
  A hobgoblin (D:1)
  4 bats
  3 frilled lizards
  3 kobolds
  4 rats
30 creatures vanquished.

Notes
Turn   | Place    | Note
-------+----------+-------------------------------------------
     0 | D:1      | empire the Draconian Warper began the quest for the Orb.
     0 | D:1      | Reached XP level 1. HP: 17/17 MP: 3/3
   226 | D:1      | Reached XP level 2. HP: 24/24 MP: 5/5
   448 | D:1      | Reached skill level 3 in Long Blades
   994 | D:2      | Found a faded altar of an unknown god.
  1074 | D:2      | Reached XP level 3. HP: 16/29 MP: 6/6
  1607 | D:2      | Reached skill level 4 in Long Blades
  1700 | D:2      | Found a runed door.
  1704 | D:2      | Noticed Crazy Yiuf
  1708 | D:2      | Mangled by Crazy Yiuf

Skill      XL: |  1  2  3 |
---------------+----------+-----
Long Blades    | 3 4 |  4.0
Fighting       | |  2.1
Throwing       | |  0.8
Dodging        | |  2.1
Spellcasting   | |  2.0
Translocations | |  3.0

Action                   || total
-------------------------++-------
Melee: Falchion          ||    80
       Tailslap          ||     8
 Stab: Sleeping          ||     1
  Eat: Chunk             ||     2
Armor: Skin              ||    28
Dodge: Dodged            ||    51
       Rpst.: Falchion   ||    18
